[Event "Olomouc Chess Summer-IM 2022"]
[Site "Olomouc"]
[Date "2022.08.18"]
[Round "7.7"]
[White "Gimenez Menchon, Cesar"]
[Black "Kukelko, Alexey"]
[Result "0-1"]
[ECO "B22"]
[WhiteElo "2207"]
[BlackElo "2260"]
[Annotator "TA"]
[PlyCount "102"]
[EventDate "2022.08.10"]
[EventCountry "CZE"]
[SourceTitle "playchess.com"]
[Source "ChessBase"]
[SourceQuality "1"]
[TimeControl "40/5400+30:1800+30"]

1. e4 c5 2. c3 d5 3. exd5 Qxd5 4. d4 Nf6 5. Nf3 e6 6. Na3 a6 7. Nc4 Nbd7 8. a4 {[%emt 0:00:39] B22: Sicilian: 2 c3.} b6 9. Be3 {[%emt 0:02:03] [#]} cxd4 $146 ({Predecessor:} 9... Bb7 10. dxc5 Qxd1+ 11. Rxd1 Bxf3 12. gxf3 Bxc5 13. Rg1 Bxe3 14. fxe3 g6 15. Rg2 Ke7 {1-0 (52) Feoktistov,A (2421)-Gritsak,O (2548) Voronezh 2006}) 10. Bxd4 {[%emt 0:14:28] White has an edge.} Qc6 11. Be2 ({White should try} 11. Nfe5 $1 $14 Nxe5 12. Nxe5) 11... Bb7 $11 12. O-O Rd8 13. Qb3 Bc5 $1 14. Bxc5 Qxc5 15. Qa3 Qxa3 16. Rxa3 Ke7 {[%emt 0:00:56] Against Nd6} 17. Rd1 Nd5 18. Nd4 Rc8 19. Bf1 h5 20. Re1 g6 {[%emt 0:00:38] Inhibits Nf5+.} 21. h3 h4 22. Ne3 Rh5 23. Rb3 Kd8 24. Nc4 {[%emt 0:02:38] And now Nd6 would win.} Nc5 25. Ra3 {[%emt 0:00:05] [#] Strongly threatening b4.} Kc7 (25... Ke7 $11) 26. Re5 (26. Ne5 $14) 26... Rhh8 27. Re1 Nf4 28. Re3 f6 29. b4 Ne4 30. f3 Ng5 31. a5 b5 32. Nb6 Rcd8 (32... e5 $1 $11) 33. Ra1 (33. Ne2 $1 $14 Nxe2+ 34. Bxe2) 33... Rd6 ({Better is} 33... e5 $11 34. Nb3 Rh7) 34. Bxb5 e5 $15 ({Don't play} 34... Rxd4 35. cxd4 axb5 36. Rc3+ Kb8 37. Nd7+ Ka7 38. Rc5 $11) 35. Bxa6 $2 {[%emt 0:00:28][%mdl 8192] Now White is beyond hope.} Bxa6 $19 {[%emt 0:00:07] The board is on fire.} 36. Nb3 Nd3 (36... Rhd8 $142 37. c4 Bb7) 37. Rd1 {[%emt 0:00:49] [#]} (37. Nc1 {was worth a try.}) 37... Rhd8 $1 38. Rd2 (38. b5 $142 Bxb5 39. c4) 38... Ne6 39. Kh2 g5 40. Kg1 Nef4 41. Kh2 Rc6 42. Na4 Ne6 43. Nb2 Rxc3 44. Na1 Nef4 45. Nc2 Rb3 46. Na4 Bb5 47. Nb6 Rb2 {[%emt 0:01:17] aiming for ...Rd6.} 48. g3 hxg3+ 49. Kxg3 f5 {[%emt 0:01:04] ...Rh8 is the strong threat.} 50. h4 Rh8 51. h5 Rxh5 {[%emt 0:01:07] Weighted Error Value: White=0.81/Black=0.14 (very precise)} (51... Nxh5+ $142 52. Kh2 Nhf4+ 53. Kg1 Rb1+ 54. Ne1 Nxe1 55. Rxe1 Rxe1+ 56. Kf2 Rf1+ 57. Ke3 Rh3 58. Rf2 Rd1 59. Rc2+ Kb7 60. Nc4 Bxc4 61. a6+ Kxa6 62. Rxc4 Rd3+ 63. Kf2 Rh2+ 64. Kg1 Rg2+ 65. Kh1 Rd1#) 0-1

[Event "Olomouc Chess Summer-IM 2022"]
[Site "Olomouc"]
[Date "2022.08.18"]
[Round "7.8"]
[White "Nytra, Ondrej"]
[Black "Stinka, Jakub"]
[Result "0-1"]
[ECO "C01"]
[WhiteElo "2214"]
[BlackElo "2335"]
[Annotator "TA"]
[PlyCount "74"]
[EventDate "2022.08.10"]
[EventCountry "CZE"]
[SourceTitle "playchess.com"]
[Source "ChessBase"]
[SourceQuality "1"]
[TimeControl "40/5400+30:1800+30"]

1. e4 e6 2. d4 d5 3. exd5 exd5 4. g3 Nf6 5. Bg2 Bd6 6. Ne2 {[%emt 0:01:15] C01: French: Exchange Variation.} O-O 7. O-O Re8 {[%emt 0:02:51] [#]} 8. Bg5 $146 {[%emt 0:08:02] The position is equal.} ({Predecessor:} 8. Bf4 Bf8 9. h3 Nc6 10. Nbc3 h6 11. Nb5 Re7 12. c4 dxc4 13. d5 Nb4 14. Nbc3 {0-1 (32) Opravil,K (2024)-Malivanek,J (2178) Czech Republic 2013}) 8... c6 9. c3 Bf5 10. a4 Nbd7 11. f3 (11. Bf4 $11 {remains equal.} Bxf4 12. Nxf4) 11... Nf8 ({Better is} 11... Re6 $17 12. Bf4 Qb6) 12. Bf4 (12. Nd2 $15) 12... Rxe2 13. Qxe2 Bxf4 14. gxf4 Ng6 {[%emt 0:00:28] Threatens to win with ...Nh5.} 15. Qd2 Nh5 16. Na3 ({White should play} 16. Re1) 16... Nhxf4 $17 (16... Ngxf4 17. Rfe1 $15) 17. Rae1 (17. Kh1 $17 {keeps fighting.}) 17... Qg5 {[%emt 0:07:06][%mdl 1024] [#] aiming for ...Nh3+. Black has strong compensation.} 18. Kh1 Nh4 19. Rf2 Nd3 {[%emt 0:07:44] Pair of Knights!} 20. Rfe2 {[%emt 0:01:25] Intending Re8+ and mate.} (20. Qxg5 $2 Nxf2+ 21. Kg1 {[#]} Nxf3+ $1 22. Kxf2 Nxg5 $19) 20... Qd8 {[%emt 0:03:52] Prevents Re8+. Black is much more active.} 21. Rd1 {[%emt 0:05:31] Black converts the advantage convincingly.} ({White should try} 21. Rg1 $15) 21... h6 22. Qe3 (22. Rg1 $17 {was necessary.}) 22... Qg5 $36 {[%emt 0:02:50][%mdl 2048] Black is in control.} 23. Nc2 (23. Qxg5 $142 hxg5 24. Rdd2) 23... Nf4 ({Stronger than} 23... Nxb2 24. Ra1 $17) 24. Ne1 Nxe2 ({Weaker is} 24... Nhxg2 25. Rxg2 Nxg2 26. Nxg2 $17) 25. Qxe2 Ng6 26. Bf1 Kf8 ({Inferior is} 26... Nf4 27. Qe3) 27. Ng2 Re8 28. Qf2 Bh3 29. Re1 (29. Ne1 {might work better.} Bxf1 30. Qxf1) 29... Bxg2+ 30. Bxg2 Rxe1+ 31. Qxe1 {[%emt 0:00:02][%mdl 4096] Endgame KQB-KQN} Nh4 32. Bf1 Nxf3 33. Qf2 {[%emt 0:00:02] Inhibits Qg1+.} Nh4 34. c4 Qf5 {[%emt 0:01:25] Black is clearly winning.} 35. Qxf5 Nxf5 36. cxd5 cxd5 37. Bg2 Ne3 {[%emt 0:00:54] Weighted Error Value: White=0.35/Black=0.11 (very precise)} 0-1

[Event "Olomouc Chess Summer-IM 2022"]
[Site "Olomouc"]
[Date "2022.08.18"]
[Round "7.9"]
[White "Kusa, Jakub"]
[Black "Poschadel, Andreas Gregor"]
[Result "1-0"]
[ECO "A40"]
[WhiteElo "2353"]
[BlackElo "2101"]
[Annotator "TA"]
[PlyCount "89"]
[EventDate "2022.08.10"]
[EventCountry "CZE"]
[SourceTitle "playchess.com"]
[Source "ChessBase"]
[SourceQuality "1"]
[TimeControl "40/5400+30:1800+30"]

1. d4 Nf6 2. c4 e6 3. g3 d5 4. Nf3 Bb4+ 5. Bd2 Be7 6. Bg2 O-O 7. O-O c6 8. Qc2 Nbd7 9. Rd1 a5 {E11: Bogo-Indian.} 10. Bf4 Nh5 11. Bc1 Nhf6 {White is slightly better.} 12. Nc3 b6 13. Ne5 {[#]} Nxe5 $146 ({Predecessor:} 13... Bb7 14. e4 Rc8 15. Bf4 b5 16. exd5 exd5 17. cxb5 cxb5 18. Qb3 b4 19. Nxd5 Nxd5 20. Bxd5 Bxd5 21. Qxd5 Nf6 22. Qxd8 Rfxd8 {1-0 (43) Stupak,K (2568)-Omelja,A (2225) Lutsk 2015}) 14. dxe5 Nd7 (14... Ng4 $11) 15. cxd5 $16 {White is more active.} cxd5 16. e4 d4 17. Rxd4 Qc7 18. Bf4 g5 19. Be3 Nxe5 20. Rc1 Ng4 {[#]} (20... Qb8 $142) 21. Nd5 $1 Qa7 (21... Qb7 22. Nxe7+) 22. Nxe7+ Qxe7 {[#]} 23. Bd2 {[%cal Oe4e5] e5! is the strong threat.} (23. e5 $6 Nxe3 24. fxe3 Bb7 $11) 23... Ba6 24. e5 Rac8 25. Qe4 Rxc1+ 26. Bxc1 {A strong pair of Bishops.} f5 27. exf6 $1 Qxf6 28. Be3 Nxf2 29. Qc2 Nd3 30. Rxd3 $40 {[%mdl 128] White has strong attack.} Bxd3 31. Qxd3 {aiming for Be4.} Qxb2 32. h3 Qa1+ (32... Qe5 $16 {was called for.}) 33. Kh2 $18 {Black must now prevent Qb5.} Qxa2 (33... Qe5 $142 34. Qd2 h6) 34. Qb5 Rf5 (34... Qc2 {was necessary.} 35. Qxg5+ Qg6) 35. Qxb6 a4 36. g4 $2 (36. Qd8+ Kf7 37. Qd7+ Kf6 38. h4) 36... Rf8 37. Bc5 $2 ({White should play} 37. Bd4 $18 {White threatens Qc7 and mate.} Qb3 38. Qc5 Qb8+ 39. Be5) 37... Re8 $2 {A mistake that costs the game.} (37... Rc8 $11 {and Black is okay.}) 38. Qb5 {[%mdl 1024] White has strong compensation.} Rd8 39. Be7 Rc8 (39... Qd2 $18 40. Qe5 (40. Qxg5+ $2 Qxg5 41. Bxg5 Rd3 $19) (40. Bxg5 Qd6+ 41. Kg1 Rb8 $19) (40. Qxa4 Rc8 $16) (40. Bxd8 Qxd8 41. Qxa4 Qc7+ 42. Kg1 Qc5+ 43. Kh1 Qc1+ 44. Kh2 Qc7+ 45. Kg1 Qb6+ 46. Kf1 Qb1+ 47. Kf2 Qb2+ 48. Kf3 Qc3+ 49. Ke2 Qb2+ 50. Kf3 Qc3+ 51. Ke2 Qb2+ 52. Kf3 $16) 40... Re8 41. Qxe6+ Kg7 42. Qf6+ Kg8) 40. Qxg5+ {White mates.} Kf7 41. Bf6 Rg8 42. Qf4 a3 43. Bh4+ Ke8 44. Qf6 Kd7 45. Qe7+ {Weighted Error Value: White=0.25 (precise) /Black=0.46} 1-0

[Event "Olomouc Chess Summer-IM 2022"]
[Site "Olomouc"]
[Date "2022.08.18"]
[Round "7.10"]
[White "Nagy, Ladislav"]
[Black "Lalic, Bogdan"]
[Result "1/2-1/2"]
[ECO "B53"]
[WhiteElo "2209"]
[BlackElo "2412"]
[Annotator "TA"]
[PlyCount "47"]
[EventDate "2022.08.10"]
[EventCountry "CZE"]
[SourceTitle "playchess.com"]
[Source "ChessBase"]
[SourceQuality "1"]
[TimeControl "40/5400+30:1800+30"]

1. e4 c5 2. Nf3 d6 3. d4 cxd4 4. Qxd4 Nf6 5. Nc3 Nc6 6. Bb5 Bd7 7. Bxc6 Bxc6 8. Bg5 e6 9. O-O-O Be7 10. Qd3 $1 {[%emt 0:01:26][%mdl 4] is more profitable than 10.Rhe1 at the moment.} Qa5 11. Bd2 {[%emt 0:00:24] B53: Sicilian: 2...d6: Lines with Qxd4.} Qa6 ({Black should play} 11... d5 $11 12. exd5 (12. Nxd5 $2 Qxa2 13. Nxf6+ gxf6 $19) 12... Nxd5) 12. Qxa6 $14 bxa6 13. Rhe1 {[%emt 0:06:21] White is slightly better.} O-O 14. Nd4 Bb7 {[%emt 0:00:15] [#]} 15. Bf4 $146 ({Predecessor:} 15. f3 Rac8 16. Nb3 d5 17. exd5 Nxd5 18. Ne4 Ba8 19. Kb1 Rfd8 20. a3 e5 21. Ba5 {0-1 (47) Petenyi,T (2463)-Nayhebaver,M (2485) Podhajska 2021}) 15... Rfd8 16. Nb3 Rac8 {[%emt 0:01:33] The position is equal.} 17. f3 d5 18. exd5 Nxd5 19. Nxd5 Bxd5 20. Kb1 g5 21. Be3 Rd7 22. Rd2 f6 23. Rc1 Rdc7 24. c3 {[%emt 0:08:51] Weighted Error Value: White=0.06 (flawless) /Black=0.10 (very precise)} 1/2-1/2

[Event "Olomouc Chess Summer-IM 2022"]
[Site "Olomouc"]
[Date "2022.08.18"]
[Round "7.11"]
[White "Mannion, Stephen R"]
[Black "Obsivac, Josef"]
[Result "1/2-1/2"]
[ECO "B32"]
[WhiteElo "2232"]
[BlackElo "2272"]
[Annotator "NA RC"]
[PlyCount "23"]
[EventDate "2022.08.10"]
[EventCountry "CZE"]
[SourceTitle "playchess.com"]
[Source "ChessBase"]
[SourceQuality "1"]
[TimeControl "40/5400+30:1800+30"]

1. e4 c5 2. Nf3 Nc6 3. d4 cxd4 4. Nxd4 e5 5. Nb5 d6 6. c4 g6 7. Be2 Be6 8. O-O a6 9. N5c3 Bg7 10. Na3 Nf6 11. Be3 O-O 12. Qd2 1/2-1/2

[Event "Olomouc Chess Summer-IM 2022"]
[Site "Olomouc"]
[Date "2022.08.18"]
[Round "7.12"]
[White "Shubin, Daniel"]
[Black "Mica, Marek"]
[Result "1/2-1/2"]
[ECO "B19"]
[WhiteElo "2120"]
[BlackElo "2304"]
[Annotator "TA"]
[PlyCount "78"]
[EventDate "2022.08.10"]
[EventCountry "CZE"]
[SourceTitle "playchess.com"]
[Source "ChessBase"]
[SourceQuality "1"]
[TimeControl "40/5400+30:1800+30"]

1. e4 c6 2. d4 d5 3. Nc3 dxe4 4. Nxe4 Bf5 5. Ng3 Bg6 6. h4 h6 7. Nf3 Nd7 8. h5 Bh7 9. Bd3 Bxd3 10. Qxd3 e6 11. Bd2 Ngf6 12. O-O-O Be7 13. Qe2 Qb6 {[%emt 0:02:50] B19: Classical Caro-Kann: 4...Bf5 main line.} 14. Ne5 Rd8 15. Kb1 (15. Rhe1 $5 O-O {[#]} 16. Ng6 $1 $11) 15... c5 16. dxc5 {[%emt 0:09:56] [#]} Bxc5 $146 {[%emt 0:01:45] [#] Threatens to win with ...Nxe5.} ({Predecessor:} 16... Nxc5 17. Be3 O-O 18. c4 Qa5 19. Qc2 Rc8 20. Qd2 Qc7 21. Bf4 Qb6 22. Qc2 a5 {½-½ (59) Ansat,A (2391)-Gaal,Z (2336) Budapest 2021}) 17. Nd3 O-O 18. f3 Rc8 19. Ne4 Nxe4 20. fxe4 Bd4 21. Bc1 Ne5 22. Nxe5 Bxe5 23. Rd7 a5 24. Rhd1 Qc6 (24... a4 $5 25. Qf3 Rc5 $15) 25. g3 (25. g4 $11 {remains equal.}) 25... b5 (25... Bxg3 $17 26. c3 Be5) 26. Bf4 $11 Qc5 27. Bxe5 (27. a3 $11 {keeps the balance.}) 27... Qxe5 $17 28. Rb7 Rc4 29. a4 (29. Qf3 $17) 29... Rb4 $19 (29... Rxa4 30. Qf3 $17) (29... Rxe4 30. Qxb5 Qxg3 31. Qxa5 $17) 30. c3 Qxc3 ({Weaker is} 30... Rxe4 31. Qxb5 Qxg3 32. Qxa5 $17) (30... Rxa4 31. Rxb5 Qxe4+ 32. Qxe4 Rxe4 33. Rxa5 $11) 31. Rxb5 Qb3 ({And not} 31... Qxg3 32. Rxb4 axb4 33. Ka2 $17) 32. Rxb4 axb4 {[%emt 0:00:41][%mdl 4096] Endgame KQR-KQR} ({Stronger than} 32... Qxb4 33. Qc2 $15) 33. Qc2 Qxg3 34. Qc5 (34. Rd3 {was worth a try.} Qe5 35. Rh3) 34... Qb3 35. Qc2 Qe3 (35... Qf3 $19 36. Rd4 b3) 36. Ka2 $17 Rb8 ({Black should try} 36... Qf3 $17 37. Rd4 Qxh5 38. Rxb4 Ra8) 37. Rd3 {[%emt 0:00:24] The position is equal.} Qg5 38. Qc7 {[%emt 0:01:12] Prevents Qa5.} Ra8 39. Kb3 Qxh5 {[%emt 0:00:35] Weighted Error Value: White=0.22 (precise) /Black=0.28 (precise)} 1/2-1/2

[Event "Olomouc Chess Summer-IM 2022"]
[Site "Olomouc"]
[Date "2022.08.18"]
[Round "7.13"]
[White "Wiley, Tom E"]
[Black "Paseka, Matyas"]
[Result "1-0"]
[ECO "E92"]
[WhiteElo "2169"]
[BlackElo "2218"]
[Annotator "TA"]
[PlyCount "139"]
[EventDate "2022.08.10"]
[EventCountry "CZE"]
[SourceTitle "playchess.com"]
[Source "ChessBase"]
[SourceQuality "1"]
[TimeControl "40/5400+30:1800+30"]

1. d4 Nf6 2. c4 g6 3. Nc3 Bg7 4. e4 d6 5. Nf3 O-O 6. Be2 e5 7. d5 a5 8. Bg5 h6 9. Bh4 Na6 10. Nd2 Qe8 11. a3 Bd7 12. b3 Nh7 13. O-O h5 14. f3 Bh6 15. Rb1 {[%emt 0:00:06] 15.Kh1 is not played anymore.} Be3+ 16. Bf2 Bxf2+ {[%emt 0:04:13] E92: King's Indian: Classical: 6 Be2 e5: 7 dxe5, 7 Be3 and Petrosian System without 7...Nbd7.} 17. Rxf2 f5 18. exf5 gxf5 {[%emt 0:00:15] White is slightly better.} 19. b4 axb4 20. axb4 {[%emt 0:00:09][%cal Oc4c5] [#]} b6 $146 {[%emt 0:00:12] Against c5} ({Black should try} 20... Qe7 $14) ({Predecessor:} 20... Qe7 21. Qb3 Rf7 22. Rff1 Rg7 23. Rf2 Kh8 24. Qd1 Rag8 25. Kh1 Qh4 26. Qe1 Nxb4 {0-1 (39) Gerard,A (1852)-Cutillas Ripoll,P (2446) ICCF email 2011}) 21. Qb3 Qg6 22. Qb2 Ng5 23. Kh1 e4 24. fxe4 fxe4 25. Rxf8+ (25. Rff1 {with more complications.} h4 26. c5 Rxf1+ 27. Rxf1 bxc5 28. Bxa6 Rxa6 29. bxc5 dxc5 30. Qb8+) 25... Rxf8 26. Rf1 {[%emt 0:00:12] Prevents Rf2.} (26. Qa3 {is more complex.} e3 27. Nf3 Nxf3 28. gxf3 Kf7 29. Rg1) 26... Rxf1+ 27. Nxf1 {[%emt 0:04:41][%cal Oc4c5] Black must now prevent c5!} Qf6 $1 28. b5 Nc5 {[%emt 0:01:12] [#] aiming for ...Bg4.} 29. Nd1 $36 {[%emt 0:00:17][%mdl 2048] White is more active.} Qf7 30. Qd2 Nh7 31. Qe1 (31. Kg1 {is interesting.} Nf6 32. Qg5+ Kh7 33. Nde3) 31... Nf6 32. Kg1 (32. Qh4 {looks sharper.} Bg4 33. Bxg4 Nxg4 34. Kg1) 32... Kf8 ({Black should play} 32... Qg6 $11) 33. Qh4 $1 $14 Qg6 (33... Bg4 $14 34. Bxg4 Nxg4) 34. Ng3 $16 Bg4 35. Bxg4 hxg4 {[%emt 0:00:11] [#]} 36. Ne3 $1 Ncd7 (36... Kf7 $16 {was necessary.} 37. Ngf5 Qh5) 37. Qh8+ Ng8 38. Qh4 {[%emt 0:01:54] White is more active.} (38. Ngf5 $16) 38... Ngf6 $1 $18 39. Qh8+ Ng8 $1 40. Qh4 (40. Ngf5 $16) 40... Ngf6 $1 41. Ne2 {[%emt 0:06:03] Threatens to win with Nf4.} Qh5 $2 (41... Kf7 42. Nf4 Qg8) 42. Qxh5 Nxh5 43. Nxg4 {[%emt 0:00:11][%mdl 4096] Endgame KNN-KNN} Ke7 44. Kf2 Nhf6 45. Ne3 Ne5 46. h3 Nd3+ 47. Kg3 Nd7 48. Kg4 Kf6 49. h4 N7e5+ 50. Kh5 Nb2 (50... Nf7 $142 51. g4 Kg7 52. Nf5+ Kh7) 51. g4 Nbxc4 52. g5+ Kg7 53. Nxc4 Nxc4 {[%emt 0:00:04] KN-KN} 54. Kg4 Ne3+ 55. Kf4 Nxd5+ 56. Kxe4 Ne7 57. h5 {[%emt 0:01:59] Nd4 would kill now.} c6 58. bxc6 Nxc6 59. Kd5 Ne5 60. Nd4 {[%emt 0:01:28] White threatens Nf5+ and mate.} b5 61. Nf5+ {[%emt 0:00:49] White mates.} Kh7 62. Nxd6 Nd3 63. Ke4 Nc5+ 64. Kf5 Nd7 65. Nxb5 Nf8 66. Nd6 Kg7 67. Ne8+ Kf7 68. Nf6 Kg7 69. Ng4 Nh7 70. g6 {[%emt 0:01:24] Weighted Error Value: White=0.22 (precise) /Black=0.77} 1-0

[Event "Olomouc Chess Summer-IM 2022"]
[Site "Olomouc"]
[Date "2022.08.18"]
[Round "7.14"]
[White "Camarena Jimenez, Rufino"]
[Black "Nemec, Jachym"]
[Result "0-1"]
[ECO "D17"]
[WhiteElo "2298"]
[BlackElo "2357"]
[Annotator "TA"]
[PlyCount "82"]
[EventDate "2022.08.10"]
[EventCountry "CZE"]
[SourceTitle "playchess.com"]
[Source "ChessBase"]
[SourceQuality "1"]
[TimeControl "40/5400+30:1800+30"]

1. d4 d5 2. c4 c6 3. Nf3 Nf6 4. Nc3 dxc4 5. a4 Bf5 6. Ne5 Nbd7 7. Nxc4 Nb6 8. Ne5 a5 9. f3 {[%emt 0:00:34] D17: Slav Defence: 5 a4 Bf5: Lines with 6 Nh4 and 6 Ne5.} Nfd7 10. Nxd7 Nxd7 {[%emt 0:00:15] 10...Bxd7 is more fashionable.} 11. e4 {[%emt 0:00:12] The position is equal.} Bg6 12. Be2 e6 {[%emt 0:00:08] 12...Qb6 is vanishing.} 13. Be3 Bb4 14. O-O O-O 15. Qb3 Qb6 16. Bf2 {[%emt 0:06:21] [#]} Qa7 $146 ({Predecessor:} 16... e5 17. dxe5 Qc7 18. f4 Bxc3 19. bxc3 Bxe4 20. Rad1 Bd5 21. c4 Be6 22. Rd6 b5 23. axb5 cxb5 24. Qxb5 {½-½ (65) Ding,L (2801)-Bu,X (2705) Ningbo 2019}) 17. Rad1 Rac8 18. Na2 Bd6 19. Nc3 (19. g3 $14) 19... Rfe8 ({Black should try} 19... Bb4 $11) 20. g3 $14 Bb4 21. d5 Bc5 22. dxe6 Bxf2+ {[%emt 0:00:06][%mdl 64] [#] Remove Defender} 23. Rxf2 Nc5 24. exf7+ Bxf7 25. Qa3 Rcd8 26. Kg2 Qb6 27. Bf1 Rxd1 28. Nxd1 Qb4 {[%emt 0:01:11] Inhibits Rd2.} 29. Qe3 Nxa4 30. Rd2 {[%emt 0:04:19][%cal Bf2d2,Bd2d7,Bd7c7][%mdl 32] Against Rd8} b5 31. Qf4 Nc5 (31... c5 {is interesting.} 32. Rd7 Rf8 33. Qd6 c4) 32. Nf2 a4 33. Qe3 Nb3 34. Rd7 $40 {[%emt 0:01:07][%mdl 128] White is up to no good.} Be6 35. Rc7 Qd4 {[%emt 0:06:38] Inhibits Qb6.} 36. Qg5 (36. Qxd4 $11 {was the only way to keep the balance.} Nxd4 37. Nd3) 36... Qxb2 $17 37. e5 Bf7 {[%emt 0:00:07] aiming for ...Nd4.} (37... g6 $2 38. Qh6 (38. Qf6 Qxe5 39. Ng4 Qxf6 $18) 38... Qxe5 39. Qxh7+ Kf8 40. Bd3 Qxc7 41. Qxc7 $18) 38. f4 $2 {[%emt 0:00:24][%mdl 8192] White does not recover from this.} (38. e6 $15 Bxe6 39. Bd3) 38... Nc5 $19 {[%emt 0:01:07] White must now prevent ...Ne4. Active counter play! Black is clearly winning.} (38... Bg6 {[#]} 39. Bd3 $1 Qa3 40. Bxg6 hxg6 41. Qxg6) 39. Qg4 a3 40. Kg1 a2 41. Qf5 Rf8 {[%emt 0:13:04] Weighted Error Value: White=0.64/Black=0.08 (flawless)} 0-1

[Event "Olomouc Chess Summer-IM 2022"]
[Site "Olomouc"]
[Date "2022.08.18"]
[Round "7.15"]
[White "Biolek, Richard Jr."]
[Black "Saypuri Srithan"]
[Result "1/2-1/2"]
[ECO "A00"]
[WhiteElo "2437"]
[BlackElo "1923"]
[Annotator "TA"]
[PlyCount "70"]
[EventDate "2022.08.10"]
[EventCountry "CZE"]
[SourceTitle "playchess.com"]
[Source "ChessBase"]
[SourceQuality "1"]
[TimeControl "40/5400+30:1800+30"]

1. g3 Nf6 2. Bg2 g6 3. Nf3 Bg7 4. b3 Ne4 5. c3 d5 6. Bb2 {[%emt 0:02:03] A05: Réti Opening: 1 Nf3 Nf6.} c6 7. d3 Nd6 8. O-O O-O 9. Nbd2 {[%emt 0:01:44] [#]} Re8 $146 ({Predecessor:} 9... f5 10. Qc2 e5 11. c4 d4 12. c5 Nf7 13. b4 Be6 14. Nc4 Na6 15. a3 g5 {1-0 (39) Dyba,P-Nalepa,B USA 1992}) 10. e4 Bg4 11. h3 Bxf3 12. Qxf3 dxe4 13. dxe4 Nd7 14. Rfd1 Qb6 15. Qe2 Rad8 16. a4 a5 17. Rab1 Nc5 18. Ba1 Qc7 19. Qe3 b6 20. Bf1 (20. b4 $5 Ne6 21. bxa5 bxa5 22. f4 $11) 20... e5 21. Nc4 Nxc4 (21... Ndxe4 $2 22. Rxd8 Qxd8 23. b4 $16) (21... Bf8 {is interesting.} 22. Nxd6 Rxd6 23. Rxd6 Qxd6 24. Bc4 Rd8) 22. Bxc4 Rxd1+ 23. Rxd1 Rd8 24. Rxd8+ Qxd8 25. Qf3 {[%emt 0:00:24] Against Qd1+} Qf6 26. Kg2 Qxf3+ 27. Kxf3 $11 {[%emt 0:00:02][%mdl 4096] Endgame KBB-KBN} Bh6 28. Bb2 Kg7 {[%emt 0:02:43] The position is equal.} 29. h4 Kf6 30. g4 {[%emt 0:00:19][%cal Bg3g4,Bg4g5][%mdl 32] [#] Black must now prevent g5+.} Bf4 31. g5+ Kg7 32. Ba3 Bd2 33. Bxc5 bxc5 34. Bb5 Bxc3 35. Bxc6 f6 {[%emt 0:00:09] An even fight not without its subleties.  Weighted Error Value: White=0.09 (flawless) /Black=0.07 (flawless)} 1/2-1/2

[Event "Olomouc Chess Summer-IM 2022"]
[Site "Olomouc"]
[Date "2022.08.19"]
[Round "8.6"]
[White "Jurek, Josef"]
[Black "Lalic, Bogdan"]
[Result "1/2-1/2"]
[ECO "D37"]
[WhiteElo "2212"]
[BlackElo "2415"]
[Annotator "TA"]
[PlyCount "34"]
[EventDate "2022.08.10"]
[EventCountry "CZE"]
[SourceTitle "playchess.com"]
[Source "ChessBase"]
[SourceQuality "1"]
[TimeControl "40/5400+30:1800+30"]

1. d4 Nf6 2. Nf3 d5 3. c4 e6 4. Nc3 dxc4 5. e4 Bb4 6. Bg5 h6 7. Bxf6 Qxf6 8. Bxc4 c5 9. O-O O-O 10. a3 {[%emt 0:03:54] D39: Queen's Gambit Declined: Ragozin Defence with 5 Bg5 dxc4.} Bxc3 {[%emt 0:00:29] [#] Not much happened in this game.} {Predecessor:} 11. bxc3 $146 Nc6 12. e5 Qf4 13. g3 Qg4 14. Re1 b6 15. Bd3 f5 16. exf6 Rxf6 17. Be4 Bb7 {1-0 (44) Bogdanovich,S (2464)-Pavlov,S (2524) Odessa 2010} 1/2-1/2

[Event "Olomouc Chess Summer-IM 2022"]
[Site "Olomouc"]
[Date "2022.08.19"]
[Round "8.7"]
[White "Poschadel, Andreas Gregor"]
[Black "Nagy, Ladislav"]
[Result "0-1"]
[ECO "B47"]
[WhiteElo "2073"]
[BlackElo "2194"]
[Annotator "TA"]
[PlyCount "90"]
[EventDate "2022.08.10"]
[EventCountry "CZE"]
[SourceTitle "playchess.com"]
[Source "ChessBase"]
[SourceQuality "1"]
[TimeControl "40/5400+30:1800+30"]

1. e4 c5 2. Nf3 Nc6 3. d4 cxd4 4. Nxd4 e6 5. Nc3 Qc7 6. g3 d6 7. Bg2 Bd7 8. O-O a6 9. Nxc6 Bxc6 10. Be3 {[%emt 0:01:15] B47: Sicilian: Taimanov: 5 Nc3 Qc7 6 f4, 6 g3 and 6 Be2.} Nf6 11. f4 Be7 12. a3 {[%emt 0:07:45] [#] The position is equal.} Rd8 $146 ({Predecessor:} 12... Rc8 13. Rc1 b5 14. Qe2 O-O 15. g4 Qb7 16. Bd2 d5 17. e5 d4 18. Bxc6 Qxc6 19. exf6 Bc5 20. Ne4 d3+ 21. Nxc5 dxe2 22. Rf2 Qxc5 {0-1 (22) Arsenault,Y (1537)-Danilov,A (1782) Gatineau 2011}) 13. f5 e5 14. Bf3 b5 15. Qd3 h6 16. Rad1 Qb7 17. Rfe1 Rd7 18. h3 ({Better is} 18. g4 $11) 18... O-O 19. Bf2 Rfd8 20. Nd5 Bxd5 21. exd5 Rc8 22. c3 Bd8 23. Kg2 Bb6 24. Be3 {[%emt 0:02:11] [#]} Bxe3 $1 25. Rxe3 Qc7 26. Qd2 Qc5 27. Be4 a5 28. Kf3 Rb7 29. g4 (29. Bc2 $17) 29... b4 $19 30. cxb4 (30. axb4 $142 axb4 31. Rc1) 30... axb4 31. a4 Qa5 (31... Rbc7 $19 {And now ...Qa7 would win.} 32. b3 Qa5) 32. Ra1 $2 {[%emt 0:00:41][%mdl 8192] [#] This move loses the game for White.} (32. Bc2 $17) 32... Rbc7 33. Qd3 Rc4 34. h4 (34. Rae1 $142 b3 35. Qxb3) 34... Rd4 35. Qb3 Rcc4 36. Rae1 Nxe4 37. Rxe4 Qxd5 38. Qxc4 Qxc4 39. Rxd4 Qxd4 {[%emt 0:00:17][%mdl 4096] Endgame KQ-KR} 40. b3 Qd5+ {[%emt 0:00:15] Black mates.} 41. Kf2 Qxb3 42. a5 Qa2+ 43. Re2 Qxa5 44. Kf3 b3 45. Ke4 Qb4+ {[%emt 0:00:09] Weighted Error Value: White=0.84/Black=0.14 (very precise)} 0-1